Map: Zona del Vuoto

Players

Jhyrachy - Winner!

  • Race: Zerg Zerg
  • League: Gold

Sam - Winner!

  • Race: Terran Terran
  • League: Bronze

ShaKo - Winner!

  • Race: Terran Terran

Buna - Winner!

  • Race: Zerg Zerg
  • League: Bronze

ulikedagz

  • Race: Protoss Protoss

kAiN

  • Race: Terran Terran

TerminaDjo

  • Race: Zerg Zerg
  • League: Silver

CHASER

  • Race: Terran Terran

VOD

Have the link to the VOD?

Description

Time

  • Played on: April 11, 2016, 9:53 a.m.
  • Length: 10:44
Show
View Real Time Build Order
Export as new Build Order

Jhyrachy Zerg - Winner!

Build Orders: Hatch First 

Get SALT Encoding   

  12  0:01  Drone  
  13  0:12  Drone  
  14  0:18  Overlord  
  14  0:37  Drone x3  
  17  0:52  Drone  
  18  1:05  Extractor  
  18  1:07  Drone  
  18  1:13  Hatchery  
  18  1:15  Drone  
  18  1:21  Spawning Pool  
  18  1:25  Drone  
  18  1:32  Overlord  
  18  1:45  Drone  
  19  2:08  Queen  
  19  2:13  Overlord  
  21  2:17  Drone  
  21  2:18  Drone  
  23  2:31  Extractor  
  22  2:37  Queen  
  24  2:48  Lair  
  24  2:51  Drone x2  
  26  2:59  Drone x3  
  29  3:13  Drone  
  29  3:17  Extractor  
  29  3:25  Drone  
  30  3:45  Zergling x2  
  30  3:46  Zergling x10  
  36  3:59  Drone x5, Extractor  
  39  4:30  Drone  
  39  4:31  Drone x4  
  43  4:35  Overlord  
  43  4:36  Overlord x2  
  43  4:37  Overlord  
  44  4:57  Spire  
  44  4:58  Drone x2  
  45  5:03  Drone  
  45  5:04  Drone x3  
  49  5:26  Overlord x2  
  49  6:11  Mutalisk  
  49  6:12  Mutalisk x14  
  79  6:23  Mutalisk  
  79  6:24  Mutalisk  
  83  6:35  Queen  
  83  6:38  Hatchery  
  79  8:01  Mutalisk  
  79  8:02  Mutalisk x8  
  79  8:05  Overlord x3  
  97  8:32  Zerg Flyer Weapons Level 1  
  95  9:36  Mutalisk x3  
  95  9:37  Mutalisk x8  
  117  9:39  Overlord  
Show
View Real Time Build Order
Export as new Build Order

Sam Terran - Winner!

Build Orders:  

Get SALT Encoding   

  12  0:12  Supply Depot  
  12  0:24  Refinery  
  12  0:35  Barracks  
  12  0:38  SCV  
  13  0:50  SCV  
  14  1:02  SCV  
  15  1:13  Refinery  
  15  1:15  SCV  
  16  1:22  Barracks Reactor  
  16  1:27  SCV  
  17  1:34  Supply Depot  
  17  1:39  SCV  
  18  2:00  Reaper x2  
  20  2:06  Bunker  
  20  2:08  SCV  
  21  2:20  SCV  
  22  2:32  Reaper x2, SCV  
  25  2:38  Factory  
  25  2:44  SCV  
  25  3:05  Marine  
  25  3:06  Marine  
  27  3:23  Marine x2  
  27  3:24  Factory Tech Lab  
  27  3:26  Starport  
  28  3:42  Supply Depot  
  28  3:43  Supply Depot  
  28  3:44  Supply Depot x2  
  28  4:10  Siege Tank  
  31  4:31  Barracks  
  31  4:35  Supply Depot  
  31  4:42  Siege Tank  
  34  4:50  Supply Depot  
  31  5:34  Starport Reactor  
  31  5:42  Engineering Bay  
  31  5:43  Engineering Bay  
  31  5:54  Command Center  
  31  6:07  Barracks  
  31  6:11  Sensor Tower  
  31  6:18  Terran Infantry Weapons Level 1  
  31  6:19  Terran Infantry Armor Level 1  
  31  6:30  Orbital Command  
  21  6:52  Medivac x2  
  25  7:03  Barracks Tech Lab  
  25  7:06  Orbital Command  
  28  7:15  Siege Tank  
  28  7:26  Bunker  
  28  7:29  Stimpack  
  28  7:41  SCV  
  29  7:53  SCV  
  30  8:02  Barracks  
  30  8:03  Marine x3  
  33  8:06  SCV  
  33  8:10  Supply Depot  
  34  8:18  SCV  
  35  8:20  Marine  
  35  8:21  Marine  
  35  8:26  Siege Tank  
  40  8:30  SCV  
  40  8:31  SCV  
  42  8:42  SCV  
  42  8:44  SCV  
  42  8:45  Armory  
  43  8:56  SCV  
  44  9:08  SCV  
  45  9:26  Barracks Reactor  
  45  9:30  Barracks  
  45  9:39  Medivac x2  
  49  9:49  SCV  
  49  9:52  Refinery  
  50  9:55  Refinery  
  50  10:01  SCV  
  50  10:06  Marine x4  
  55  10:07  Marine  
  55  10:08  Medivac  
  55  10:09  Medivac  
  55  10:13  SCV  
  61  10:17  Supply Depot  
  61  10:18  Supply Depot  
  61  10:21  Supply Depot  
  61  10:24  Marine x5  
  61  10:25  SCV  
  67  10:42  Command Center  
Show
View Real Time Build Order
Export as new Build Order

ShaKo Terran - Winner!

Build Orders: MMM Bio 

Get SALT Encoding   

  12  0:01  SCV  
  13  0:14  SCV  
  14  0:19  Supply Depot  
  14  0:26  SCV  
  15  0:42  Barracks  
  15  0:44  SCV  
  16  0:55  Refinery  
  16  0:56  SCV  
  17  1:09  SCV  
  18  1:21  SCV  
  19  1:37  Refinery  
  19  1:39  Barracks Tech Lab  
  19  1:42  SCV  
  19  1:46  Engineering Bay  
  20  1:51  Engineering Bay  
  20  2:02  Barracks  
  20  2:06  Combat Shields  
  20  2:07  Barracks  
  20  2:14  SCV  
  21  2:26  SCV  
  21  2:27  Supply Depot  
  21  2:29  Supply Depot  
  22  2:43  Factory  
  22  2:52  Supply Depot  
  22  3:00  Barracks Reactor  
  22  3:01  Barracks Reactor  
  22  3:11  SCV  
  23  3:27  Stimpack  
  23  3:37  Marine x2  
  23  3:39  Marine x2  
  27  3:58  Starport  
  27  3:59  Marine x2  
  27  4:00  Marine x2  
  31  4:25  Marine x2  
  31  4:26  Marine x2  
  35  4:31  Terran Infantry Weapons Level 1  
  35  4:32  Terran Infantry Armor Level 1  
  35  4:35  Supply Depot  
  35  4:39  Starport Reactor  
  35  4:43  Marine x2  
  35  4:44  Marine x2  
  39  4:47  Marauder  
  41  5:20  Medivac x2  
  45  5:24  Marauder  
  45  5:28  Supply Depot  
  47  5:31  Supply Depot  
  47  5:33  Concussive Shells, Supply Depot  
  47  5:45  Marauder  
  49  5:50  Factory Reactor  
  49  5:54  Armory  
  49  6:35  Marauder  
  40  6:56  Marauder  
  40  6:59  Marine  
  40  7:00  Marine  
  44  7:01  Marine x2  
  44  7:05  Medivac x2  
  50  7:17  Marine x2  
  50  7:18  Marauder  
  50  7:19  Marine x2  
  56  7:30  Command Center  
  53  8:30  Marine x2  
  53  8:32  Marine x2  
  57  8:40  Marauder  
  59  8:48  Marine x2  
  61  8:50  Marine x2  
  63  9:01  Marauder  
  65  9:07  SCV  
  65  9:08  Marine  
  67  9:19  SCV  
  67  9:20  Marine  
  67  9:22  Marine x2  
  67  9:23  Marauder  
  73  9:25  Marine  
  74  9:31  SCV  
  74  9:38  Marine  
  76  9:39  Marine x2  
  76  9:43  SCV  
  79  9:56  SCV  
  80  10:08  SCV  
  81  10:19  Marine x2  
  81  10:20  SCV  
  84  10:21  Marine x2  
  90  10:28  Supply Depot  
Show
View Real Time Build Order
Export as new Build Order

Buna Zerg - Winner!

Build Orders: Pool First 

Get SALT Encoding   

  12  0:03  Drone  
  13  0:13  Overlord  
  13  0:27  Drone  
  14  0:43  Drone x3  
  17  0:52  Spawning Pool  
  16  1:01  Extractor, Drone  
  16  1:06  Extractor  
  16  1:08  Drone  
  16  1:17  Drone  
  17  1:29  Drone  
  18  1:39  Hatchery  
  17  1:42  Queen  
  19  1:47  Drone  
  19  1:50  Drone  
  21  2:00  Overlord  
  21  2:27  Metabolic Boost  
  21  2:30  Zergling x4  
  23  2:47  Zergling x4  
  25  2:58  Zergling x8  
  29  3:07  Hatchery  
  29  3:10  Spore Crawler  
  27  3:13  Zergling x2  
  28  3:58  Zergling x10  
  30  4:36  Zergling x6  
  30  4:37  Zergling x4  
  34  4:40  Zergling x2  
  34  4:41  Zergling x4  
  33  5:23  Zergling x4  
  33  5:24  Zergling x8  
  33  5:27  Zergling x6  
  37  6:06  Drone  
  37  6:07  Drone x2  
  40  6:11  Drone x2  
  41  6:22  Overlord x3  
  41  6:39  Queen  
  31  8:20  Zergling x6  
  31  8:21  Zergling x4  
  31  8:24  Zergling x6  
  39  8:33  Evolution Chamber  
  38  8:38  Evolution Chamber  
  38  8:39  Lair  
  37  8:48  Roach Warren  
  36  9:09  Zergling x10  
  41  9:13  Zergling x2  
  41  9:14  Zergling x8  
  46  9:25  Drone  
Show
View Real Time Build Order
Export as new Build Order

ulikedagz Protoss 

Build Orders:  

Get SALT Encoding   

  12  0:09  Probe (Chrono Boost)  
  13  0:18  Pylon  
  13  0:20  Probe (Chrono Boost)  
  14  0:37  Gateway  
  14  0:40  Probe (Chrono Boost)  
  15  0:50  Probe (Chrono Boost)  
  16  1:01  Probe (Chrono Boost)  
  17  1:21  Assimilator  
  17  1:24  Probe (Chrono Boost)  
  17  1:25  Assimilator  
  18  1:35  Probe (Chrono Boost)  
  19  1:45  Probe (Chrono Boost)  
  20  1:56  Probe (Chrono Boost)  
  21  2:01  Cybernetics Core, Pylon  
  21  2:06  Probe (Chrono Boost)  
  22  2:17  Gateway  
  22  2:18  Cybernetics Core  
  22  2:21  Pylon  
  22  2:25  Gateway  
  22  2:30  Cybernetics Core  
  22  2:31  Pylon  
  22  2:42  Gateway  
  22  2:45  Pylon  
  22  2:52  Gateway  
  22  3:10  Pylon  
  22  3:12  Warp Gate (Chrono Boost)  
  22  3:24  Gateway  
  22  3:30  Gateway  
  22  3:33  Gateway  
  22  3:34  Pylon  
  22  4:16  Probe  
  23  4:28  Probe  
  24  4:40  Probe  
  25  5:10  Stalker x4  
  25  5:11  Stalker x2  
  36  5:39  Stalker x2  
  36  5:40  Stalker x4  
  48  5:57  Robotics Facility  
  48  5:59  Robotics Facility  
  48  6:22  Mothership Core (Chrono Boost)  
  50  6:27  Stalker x4  
  50  6:28  Stalker  
  38  6:54  Stalker x6  
  38  7:07  Observer x2  
  40  7:10  Stalker  
  42  7:26  Stalker x3  
  42  7:27  Stalker  
  42  7:29  Stalker x2  
  54  7:33  Stalker  
  56  7:49  Observer x2  
  55  8:07  Zealot x5  
  55  8:08  Zealot  
  55  8:09  Zealot  
  55  8:11  Observer  
  70  9:30  Pylon  
  70  9:32  Pylon  
  70  9:34  Pylon  
  70  9:36  Pylon  
  70  9:38  Pylon  
  70  9:40  Pylon  
  56  10:01  Stalker x3  
  56  10:02  Stalker x3  
  56  10:03  Stalker  
  66  10:30  Stalker x3  
  66  10:31  Stalker  
Show
View Real Time Build Order
Export as new Build Order

kAiN Terran 

Build Orders: MMM Bio 

Get SALT Encoding   

  12  0:08  SCV  
  13  0:20  SCV  
  14  0:33  SCV, Supply Depot  
  15  0:55  SCV  
  15  0:57  Barracks  
  16  1:05  Barracks  
  16  1:07  SCV  
  17  1:19  SCV, Barracks  
  18  1:29  Supply Depot  
  18  1:31  SCV  
  19  1:34  Refinery  
  19  1:40  Refinery  
  19  1:43  SCV  
  20  2:08  SCV  
  21  2:09  Barracks Tech Lab  
  21  2:16  Barracks Tech Lab  
  21  2:20  SCV  
  22  2:28  Barracks Reactor  
  22  2:32  Marine, SCV  
  24  2:42  Combat Shields  
  24  2:45  SCV  
  24  2:49  Engineering Bay  
  25  2:51  Marine x2  
  27  3:02  Orbital Command  
  27  3:06  Supply Depot  
  27  3:08  Marine x2  
  27  3:09  Marine x2  
  31  3:12  Stimpack  
  31  3:27  Supply Depot  
  31  3:31  Supply Depot  
  31  3:33  SCV  
  32  3:35  Marine  
  32  3:41  Marine x2  
  34  3:44  Marine  
  34  3:45  SCV  
  37  3:52  Marine  
  36  3:58  Marine  
  36  4:04  SCV  
  36  4:09  Marine  
  36  4:10  Marine  
  36  4:16  SCV  
  34  4:27  Marine x3  
  34  4:29  SCV  
  38  4:41  SCV  
  38  4:42  Barracks  
  38  4:45  Factory  
  39  4:47  Terran Infantry Weapons Level 1  
  39  4:53  SCV  
  40  5:05  SCV  
  41  5:17  SCV  
  42  5:34  Barracks Reactor, Starport  
  42  5:46  Armory  
  42  5:48  Engineering Bay  
  42  5:50  Marine x4  
  46  6:08  Marine x4  
  50  6:14  Starport Reactor  
  50  6:17  Marine x2  
  52  6:26  Marine x2  
  53  6:50  Marine x4  
  53  6:51  Marine x2  
  42  7:08  Marine x3  
Show
View Real Time Build Order
Export as new Build Order

TerminaDjo Zerg 

Build Orders: Pool First 

Get SALT Encoding   

  12  0:03  Drone  
  13  0:26  Drone  
  13  0:27  Spawning Pool  
  13  0:30  Drone  
  14  0:38  Overlord  
  14  0:50  Extractor  
  14  0:51  Drone  
  14  0:56  Drone  
  15  1:02  Extractor  
  15  1:03  Drone  
  15  1:10  Drone  
  16  1:21  Queen  
  16  1:24  Overlord  
  18  1:39  Drone  
  19  1:42  Drone  
  20  1:53  Drone  
  21  2:07  Drone  
  22  2:10  Hatchery  
  21  2:18  Lair  
  21  2:29  Drone x2  
  23  2:48  Drone x2  
  23  2:49  Drone  
  26  2:58  Overlord  
  26  3:04  Overlord  
  26  3:21  Hydralisk Den  
  26  3:26  Drone, Spire  
  26  3:27  Drone x2  
  27  3:30  Drone  
  28  3:37  Queen  
  30  3:48  Zergling x6  
  26  4:33  Hydralisk  
  26  4:34  Zergling x2  
  26  4:35  Zergling x2  
  28  4:38  Zergling x2  
  28  4:39  Zergling x4  
  28  4:42  Queen  
  30  5:00  Zergling x4  
  26  5:11  Zergling x2  
  7  5:24  Drone  
  1  5:40  Drone x2  
  2  6:52  Extractor  
Show
View Real Time Build Order
Export as new Build Order

CHASER Terran 

Build Orders:  

Get SALT Encoding   

  12  0:17  Supply Depot  
  12  0:55  Barracks  
  12  0:57  Barracks  
  12  1:01  SCV  
  12  1:02  Barracks  
  13  1:12  Refinery  
  13  1:24  SCV  
  14  1:36  SCV  
  15  1:55  Marine  
  15  1:56  Marine x2  
  15  2:00  SCV  
  19  2:13  Marine  
  19  2:14  Marine x2  
  22  2:17  Refinery  
  22  2:31  Marine  
  23  2:38  Engineering Bay  
  23  2:54  Barracks Tech Lab  
  23  2:55  Barracks Reactor  
  23  3:03  Orbital Command  
  23  3:06  Barracks Reactor  
  23  3:13  Missile Turret  
  23  3:40  Marine  
  23  3:53  Marine  
  23  3:55  Marine  
  25  3:58  Marine  
  26  4:06  Combat Shields  
  24  4:16  Marauder  
  21  4:18  Marine x2  
  21  4:21  SCV  
  24  4:33  SCV  
  24  4:38  Marauder  
  27  4:44  Missile Turret  
  27  4:45  SCV  
  28  4:59  Marauder  
  30  5:10  Reaper  
  31  5:17  Supply Depot  
  31  5:21  Marine  
  31  5:25  Concussive Shells  
  31  5:39  Marauder, Marine x3  
  36  5:48  Refinery  
  36  5:56  Refinery  
  36  6:23  Reaper, Marauder  
  36  6:24  Missile Turret, Marine  
  40  6:30  Marine x2  
  42  6:44  Marauder  
  42  6:45  Command Center  
  44  7:03  Marine  
  44  7:04  Marine x2  
  44  7:06  Marine  
  47  7:09  Marauder  
  47  7:19  Missile Turret  
  47  7:21  Missile Turret  
  47  7:30  Marine  
  47  7:34  Marine x3, SCV  
  47  7:36  Marauder  
  39  7:47  SCV  
  39  7:48  Marine  
  40  7:51  Marine  
  40  7:52  Marine x2  
  40  7:58  Marauder  
  45  7:59  SCV  
  46  8:06  Reaper  
  46  8:09  Reaper  
  46  8:10  Marine  
  49  8:19  Marauder  
  51  8:24  Orbital Command  
  51  8:27  SCV  
  52  8:41  Marauder  
Tags
 
Add a new tag
Caveats
  • Supply blocks, unpowered buildings, or Contaminate may cause inaccurate times.
  • Supply counts are checked every 10 seconds.